 Dungeon Crawl Stone Soup version 0.31-a0-1589-g8f5e8aebd6 (webtiles) character file.

Game seed: 12911021744989287365

56 gelatine the Shooter (level 3, -14/28 HPs)
             Began as a Demonspawn Hunter on Jan 6, 2024.
             Demolished by Robin
             ... wielding a +1 dagger of electrocution
              (20 damage)
             ... on level 2 of the Dungeon.
             The game lasted 00:02:30 (1126 turns).

gelatine the Shooter (Demonspawn Hunter)            Turns: 1126, Time: 00:02:32

Health: -14/28     AC:  3    Str: 11    XL:     3   Next: 71%
Magic:  3/3        EV: 12    Int:  9    God:
Gold:   21         SH:  0    Dex: 18    Spells: 2/2 levels left

rFire   . . .        a - +0 shortbow
rCold   . . .        (shield currently unavailable)
rNeg    . . .        c - +0 leather armour
rPois   .            (helmet restricted)
rElec   .            (no cloak)
rCorr   .            (no gloves)
SInv    .            (no boots)
Will    .....        (no amulet)
Stlth   ++           (no ring)
HPRegen 0.24/turn    (no ring)
MPRegen 0.08/turn

%: no passive effects
@: no status effects
A: antennae 1, claws 1
a: no special abilities


You were on level 2 of the Dungeon.
You visited 1 branch of the dungeon, and saw 2 of its levels.

You collected 44 gold pieces.
You spent 23 gold pieces at shops.

Inventory:

Hand Weapons
 a - a +0 shortbow (weapon)
Armour
 c - a +0 leather armour (worn)
Scrolls
 b - a scroll of butterflies
 d - 3 scrolls of teleportation {unknown}
 e - 2 scrolls of identify {unknown}
 f - a scroll of poison {unknown}
 j - 2 scrolls of enchant weapon {unknown}
Potions
 g - a potion of lignification {unknown}
 h - a potion of heal wounds {unknown}
 i - a potion of curing {unknown}
 k - a potion of mutation {unknown}


   Skills:
 + Level 2.5 Fighting
 + Level 4.5 Ranged Weapons
 + Level 0.5 Armour
 + Level 1.9 Dodging
 + Level 0.8 Stealth


You had 2 spell levels left.
You didn't know any spells.
Your spell library contained the following spells:

 Spells                   Type           Power      Damage    Failure   Level
 Apportation              Tloc           0%         N/A       47%         1
 Freeze                   Ice            0%         1d3       47%         1
 Jinxbite                 Hex            0%         N/A       63%         2
 Frozen Ramparts          Ice            0%         1d1       85%         3
 Hailstorm                Conj/Ice       0%         3d5       85%         3
 Alistair's Intoxication  Alch           0%         N/A       100%        5


Dungeon Overview and Level Annotations

Branches:
Dungeon (2/15)

Altars:

Shops:
D:1 *

Annotations:
D:2 Robin


Innate Abilities, Weirdness & Mutations

You have a pair of small antennae on your head.
You have sharp fingernails.


Message History

You shoot an arrow. The arrow hits the goblin!
You kill the goblin!
The hobgoblin hits you.
You are too injured to fight recklessly!
You are too injured to fight recklessly!
You are too injured to fight recklessly!
You are too injured to fight recklessly!
Fire: a) +0 shortbow
Press: ? - help, Q - select action Shift-Dir - straight line, f - hobgoblin
Aim: a hobgoblin (strong, 64% to hit)
You shoot an arrow. The arrow closely misses the hobgoblin.
Fire: a) +0 shortbow
Press: ? - help, Q - select action Shift-Dir - straight line, f - Robin, p - hobgoblin
Aim: Robin, wielding a +1 dagger of electrocution, wearing a +0 animal skin and wearing the +0 helmet "Vicvaox" {rN+ Int+2 Dex-5} (71% to hit)
You shoot an arrow. The arrow completely misses Robin.
The hobgoblin closely misses you. Robin misses you.
Fire: a) +0 shortbow
Press: ? - help, Q - select action Shift-Dir - straight line, f/p - Robin
Aim: Robin, wielding a +1 dagger of electrocution, wearing a +0 animal skin and wearing the +0 helmet "Vicvaox" {rN+ Int+2 Dex-5} (71% to hit)
You shoot an arrow.
The arrow hits Robin but does no damage.
The hobgoblin no longer looks unusually strong.
The hobgoblin closely misses you.
Robin roars a battlecry!
The hobgoblin goes into a battle-frenzy!
The hobgoblin hits you.
* * * LOW HITPOINT WARNING * * *
Robin barely misses you.
Fire: a) +0 shortbow
Press: ? - help, Q - select action Shift-Dir - straight line, f/p - Robin
Aim: Robin, wielding a +1 dagger of electrocution, wearing a +0 animal skin and wearing the +0 helmet "Vicvaox" {rN+ Int+2 Dex-5} (71% to hit)
You shoot an arrow. The arrow hits Robin!
Robin is severely wounded.
The hobgoblin hits you but does no damage.
Robin hits you with a +1 dagger of electrocution.
* * * LOW HITPOINT WARNING * * *
You are electrocuted!!
Ouch! That really hurt!
You die...
Robin says, "And that's why I'm the boss."

#.........##...##.....#
#..........##...##..#.#
#...........##...##...#
#............''.8.''..#
#...........##...##..##
.....#####..## ..##
......# ##..## ..#
......# #..## ..# ....
#@## '


#ggwKJ... #####.... .. You could see a ribbon worm, Robin, an endoplasm, a
hobgoblin (strong) and a kobold.

Vanquished Creatures
  2 dart slugs
  3 orcs (D:2)
  A bat (D:1)
  An endoplasm (D:1)
  2 giant cockroaches
  15 goblins
  A hobgoblin (D:1)
  6 jackals
  5 kobolds (D:1)
  4 ball pythons
40 creatures vanquished.

Notes
Turn   | Place    | Note
-------+----------+-------------------------------------------
     0 | D:1      | gelatine the Demonspawn Hunter began the quest for the Orb.
     0 | D:1      | Reached XP level 1. HP: 16/16 MP: 1/1
   132 | D:1      | Discovered your monstrous ancestry.
   132 | D:1      | Gained mutation: You have a pair of small antennae on your
                  | head. [demonic ancestry]
   132 | D:1      | Reached XP level 2. HP: 16/22 MP: 2/2
   282 | D:1      | Reached skill level 4 in Ranged Weapons
   763 | D:1      | Found Acoal's Assorted Antiques.
   772 | D:1      | Bought a scroll labelled VYDEMP CEODGHU for 23 gold pieces
  1028 | D:2      | Gained mutation: You have sharp fingernails. [demonic
                  | ancestry]
  1028 | D:2      | Reached XP level 3. HP: 28/28 MP: 3/3
  1105 | D:2      | Identified the +0 helmet "Vicvaox" {rN+ Int+2 Dex-5}
  1105 | D:2      | Noticed Robin
  1126 | D:2      | Demolished by Robin

Illustrated notes

Levels and vault maps discovered:
D:1:      lemuel_arrival_river_ford, layout_loops_corners, serial_shops, shop,
          chequers_decorated_corner
D:2:      layout_basic, chequers_ecumenical_altar_simple, grunt_decor_arrowhead,
          minmay_close_crescents, uniq_robin, uniq_jessica

Skill      XL: |  1  2 |
---------------+-------+-----
Ranged Weapons | 4 |  4.5
Fighting       | |  2.5
Armour         | |  0.5
Dodging        | |  1.9
Stealth        | |  0.8

Action                     || total
---------------------------++-------
   Fire: Shortbow          ||   122
 Armour: Leather armour    ||    30
  Dodge: Dodged            ||    44

Table legend: (Time is in decaauts)
 A = Elapsed time spent in this place.
 B = Non-inter-level travel time spent in this place.
 C = Inter-level travel time spent in this place.
 D = Time resting spent in this place.
 E = Time spent auto-exploring this place.
 F = Levels seen in this place.
 G = Mean time per level.
                   A        B        C        D        E       F      G
               +--------+--------+--------+--------+--------+-----+--------+
         Total |   1159 |   1153 |      6 |      0 |    943 |   2 |  579.5 |
       Dungeon |   1159 |   1153 |      6 |      0 |    943 |   2 |  579.5 |
               +--------+--------+--------+--------+--------+-----+--------+

Top non-repeatable levels by time:
     D:1: 1015 daAuts
     D:2: 143 daAuts
